 Dungeon Crawl Stone Soup version 0.20-a0-4-gd166d5d (webtiles) character file.

6121 sveltemanboy the Spear-Bearer (level 10, -4/74 HPs)
             Began as a Demonspawn Gladiator on Oct 31, 2016.
             Was an Elder of Okawaru.
             Killed by divine providence
             ... invoked by an orc priest
              (13 damage)
             ... on level 9 of the Dungeon.
             The game lasted 00:20:56 (7963 turns).

sveltemanboy the Spear-Bearer (DsGl)                Turns: 7963, Time: 00:20:56

Health: -4/74      AC: 11    Str: 17 (18) XL:     10   Next: 59%
Magic:  18/18      EV: 11    Int:  9 (11) God:    Okawaru [****..]
Gold:   286        SH:  0    Dex: 13      Spells: 0 memorised, 9 levels left

rFire  . . .     SeeInvis +     a - +1 trident
rCold  . . .     Gourm    .     l - +0 scale mail
rNeg   . . .     Faith    .     (no shield)
rPois  .         Spirit   .     c - +1 helmet
rElec  .         Reflect  .     p - +0 cloak
rCorr  .         Harm     .     A - +0 pair of gloves
MR     .....                    (boots unavailable)
Stlth  ..........               y - amulet of rage
                                (no ring)
                                (no ring)

@: slowed, very slow
A: talons 3, see invisible, demonic guardian 1, high mp 2, powered by death 2
a: Heroism, Renounce Religion, Evoke Berserk Rage


You were on level 9 of the Dungeon.
You worshipped Okawaru.
Okawaru was greatly pleased with you.
You were not hungry.

You visited 1 branch of the dungeon, and saw 9 of its levels.

You collected 286 gold pieces.

Inventory:

Hand Weapons
 a - a +1 trident (weapon)
Missiles
 i - 8 tomahawks (quivered)
 m - 8 curare-tipped needles
 B - 6 javelins
 C - 7 needles of sleeping
Armour
 c - a +1 helmet (worn)
 l - a +0 scale mail (worn)
 p - a +0 cloak (worn)
 A - a +0 pair of gloves (worn)
Jewellery
 y - an amulet of rage (around neck)
Wands
 e - a wand of acid (5/15)
 F - a wand of flame (37/48)
 G - a wand of polymorph (12/24)
Scrolls
 g - a scroll of magic mapping
 h - 2 scrolls of fog
 n - a scroll of enchant weapon
 s - 6 scrolls of remove curse
 v - 2 scrolls of identify
 x - a scroll of blinking
Potions
 j - 4 potions of flight
 r - a potion of magic {unknown}
Comestibles
 b - 2 meat rations
 d - 4 chunks of flesh
 f - 6 bread rations
 k - 3 fruits
 z - a beef jerky


   Skills:
 + Level 5.2 Fighting
 * Level 11.9 Polearms
 + Level 4.3 Throwing
 - Level 3.4 Armour
 - Level 3.0 Dodging
 - Level 7.1 Invocations


You had 9 spell levels left.
You didn't know any spells.

Dungeon Overview and Level Annotations

Branches:
Dungeon (9/15)             Temple (0/1) D:7
   Lair: D:8-11         Orc: D:9-12

Altars:
Cheibriados
Elyvilon
Makhleb
Nemelex Xobeh
Okawaru
Qazlal
Sif Muna
Vehumet
Xom
The Shining One

Shops:
D:8 *


Innate Abilities, Weirdness & Mutations

You have claws for feet.
A weak demonic guardian rushes to your aid.
You regenerate health from kills.
You have supernaturally acute eyesight. (SInv)
You have a considerably increased reservoir of magic. (+20% MP)


Message History

You see here an orc corpse.
You feel less exhausted.
Your iron imp disappears in a puff of smoke!
The orc priest invokes the aid of Beogh against you.
Pain shoots through your body!
* * * LOW HITPOINT WARNING * * *
The orc warrior hits you but does no damage.
The orc closely misses your shadow imp.
The orc warrior hits you from afar with a trident.
* * * LOW HITPOINT WARNING * * *
Your shadow imp hits the orc warrior but does no damage.
The orc barely misses your shadow imp.
Your shadow imp closely misses the orc warrior.
The orc hits your shadow imp with a trident.
The orc warrior barely misses you.
Your shadow imp hits the orc warrior but does no damage.
The orc completely misses your shadow imp.
The orc priest mumbles some strange prayers to Beogh against you.
Beogh smites you!
You die...

## ##........##
..>##..........#
#.............#
###..........#
#####...........#
#####...............#
.[....###.#.....)..##
.....###.......รท<)).##...
.....###....(..)@.........
....).....................
..............5o..........
.....##.....o..........>..
.....##.....o.......##....
.....##..............#....
.....##..........#........
.#####..........####... #
#..........# ###


You could see an orc warrior, an orc priest, an orc and a friendly shadow imp.

Vanquished Creatures
  Gastronok (D:9)
  Erica (D:8)
  A hippogriff (D:9)
  2 wyverns (D:8)
  Menkaure (D:4)
  Edmund (D:5)
  3 ice beasts
  3 sky beasts
  2 orc warriors
  2 phantoms
  7 ogres
  5 bullfrogs
  3 scorpions
  3 killer bees (D:7)
  3 howler monkeys (D:7)
  4 crimson imps
  A quasit (D:6)
  2 hounds
  6 orc wizards
  An iguana (D:4)
  4 orc priests
  2 jellies (D:8)
  A bullfrog skeleton (D:6)
  Terence (D:2)
  4 worker ants
  A killer bee zombie (D:6)
  A hound zombie (D:8)
  2 worker ant zombies
  4 gnolls (D:8)
  A howler monkey skeleton (D:6)
  11 adders
  3 shadow imps
  3 oozes (D:2)
  An adder skeleton (D:8)
  4 worms
  2 dart slugs
  6 leopard geckos
  22 orcs
  7 bats
  3 giant cockroaches
  7 goblins
  5 hobgoblins
  4 jackals (D:6)
  6 kobolds
  2 quokkas
  3 ball pythons
  A ball python skeleton (D:6)
  8 frilled lizards
  2 leopard gecko skeletons
  2 quokka skeletons
  6 rats
181 creatures vanquished.

Vanquished Creatures (collateral kills)
  2 orcs (D:9)
2 creatures vanquished.

Grand Total: 183 creatures vanquished

Notes
Turn   | Place    | Note
-------+----------+-------------------------------------------
     0 | D:1      | sveltemanboy the Demonspawn Gladiator began the quest for the Orb.
     0 | D:1      | Reached XP level 1. HP: 16/16 MP: 1/1
   306 | D:1      | Reached skill level 3 in Polearms
   359 | D:1      | Gained mutation: You regenerate a little health from kills. [demonic ancestry]
   359 | D:1      | Reached XP level 2. HP: 22/22 MP: 2/2
  1102 | D:2      | Reached XP level 3. HP: 21/27 MP: 3/3
  1337 | D:2      | Reached skill level 4 in Polearms
  1424 | D:2      | Gained mutation: You have sharp toenails. [demonic ancestry]
  1424 | D:2      | Reached XP level 4. HP: 33/33 MP: 4/4
  1513 | D:2      | Noticed Terence
  1529 | D:2      | Killed Terence
  1529 | D:2      | Reached skill level 1 in Armour
  1944 | D:3      | Reached XP level 5. HP: 37/38 MP: 5/5
  2126 | D:3      | Found a snail-covered altar of Cheibriados.
  2744 | D:4      | Reached skill level 5 in Polearms
  2822 | D:4      | Noticed Menkaure
  2838 | D:4      | Killed Menkaure
  2838 | D:4      | Reached XP level 6. HP: 44/44 MP: 6/6
  2896 | D:4      | Found a deep blue altar of Sif Muna.
  2946 | D:4      | Reached skill level 6 in Polearms
  2968 | D:4      | Gained mutation: You have an increased reservoir of magic. (+10% MP) [potion of mutation]
  2968 | D:4      | Gained mutation: You have razor-sharp toenails. [potion of mutation]
  3160 | D:4      | Found a stormy altar of Qazlal.
  3218 | D:4      | Noticed an ice beast
  3228 | D:4      | Killed an ice beast
  3228 | D:4      | Reached XP level 7. HP: 39/50 MP: 7/7
  3725 | D:5      | Entered Level 5 of the Dungeon
  4253 | D:5      | Noticed Edmund
  4285 | D:5      | Killed Edmund
  4285 | D:5      | Reached skill level 7 in Polearms
  4497 | D:5      | Found an iron altar of Okawaru.
  4507 | D:5      | Became a worshipper of Warmaster Okawaru
  4701 | D:6      | Reached skill level 1 in Invocations
  4757 | D:6      | Reached XP level 8. HP: 29/56 MP: 8/10
  5079 | D:6      | Reached skill level 8 in Polearms
  5106 | D:6      | Reached * piety under Okawaru
  5596 | D:6      | Reached skill level 9 in Polearms
  5921 | D:6      | Reached skill level 5 in Invocations
  6019 | D:7      | Reached ** piety under Okawaru
  6111 | D:7      | Gained mutation: You regenerate health from kills. [demonic ancestry]
  6111 | D:7      | Reached XP level 9. HP: 61/61 MP: 14/14
  6362 | D:7      | Found a staircase to the Ecumenical Temple.
  6419 | D:7      | HP: 3/61 [killer bee (4)]
  6425 | D:7      | HP: 6/136 [poisoned by a killer bee]
  6810 | D:7      | You fall through a shaft for 2 floors!
  6813 | D:9      | Found a glowing golden altar of the Shining One.
  6841 | D:8      | Reached skill level 10 in Polearms
  7085 | D:8      | Reached *** piety under Okawaru
  7283 | D:8      | Noticed Erica
  7294 | D:8      | Killed Erica
  7294 | D:8      | Reached skill level 11 in Polearms
  7353 | D:8      | Gained mutation: You have a considerably increased reservoir of magic. (+20% MP) [potion of mutation]
  7353 | D:8      | Gained mutation: You have supernaturally acute eyesight. (SInv) [potion of mutation]
  7354 | D:8      | Gained mutation: You have claws for feet. [potion of mutation]
  7371 | D:8      | Gained mutation: A weak demonic guardian rushes to your aid. [demonic ancestry]
  7371 | D:8      | Reached XP level 10. HP: 42/70 MP: 18/18
  7515 | D:8      | Found Bulidoj's General Store.
  7636 | D:8      | Found a shimmering altar of Xom.
  7638 | D:8      | Found a white marble altar of Elyvilon.
  7638 | D:8      | Found a glowing golden altar of the Shining One.
  7642 | D:8      | Found a radiant altar of Vehumet.
  7642 | D:8      | Found a burning altar of Makhleb.
  7642 | D:8      | Found a sparkling altar of Nemelex Xobeh.
  7800 | D:9      | Reached **** piety under Okawaru
  7907 | D:9      | Noticed Gastronok
  7923 | D:9      | Killed Gastronok
  7923 | D:9      | Received a gift from Okawaru
  7923 | D:9      | Reached skill level 5 in Fighting
  7963 | D:9      | Killed from afar by an orc priest

Vault maps used:
D:1:      eino_arrival_cavern_d, kennysheep_doodads, minivault_5
D:2:      uniq_terence
D:3:      old_standard_altar, serial_bayou, serial_bayou_lagoon_b,
          serial_bayou_pond_c, serial_bayou_ford_a, serial_bayou_pond_d,
          serial_bayou_pond_d, serial_bayou_shore_b, first_bread
D:4:      lemuel_coloured_pillars_altar, led_sif_pool, uniq_menkaure
D:5:      kennysheep_okawaru_gauntlet, roderic_roman_lattice, uniq_edmund
D:7:      tgw_trog, elyvilon_altar_3
D:8:      doesnt_xom_only_xom, serial_shops, nicolae_shop_behind_doors,
          uniq_erica
D:9:      tso_metal_star, special_room, serial_shops, shop_fountains,
          hangedman_little_slice_of_home, uniq_gastronok

Skill      XL: |  1  2  3  4  5  6  7  8  9 10 |
---------------+-------------------------------+-----
Polearms       | 3 4 5 6 7 9 11 | 11.9
Dodging        | 3 |  3.0
Armour         | 1 2 3 |  3.4
Throwing       | 2 3 4 |  4.3
Invocations    | 1 5 7 |  7.1
Fighting       | 3 5 |  5.2

Action                   |  1- 3 |  4- 6 |  7- 9 | 10-12 || total
-------------------------+-------+-------+-------+-------++-------
Melee: Trident           |   112 |   190 |   473 |    89 ||   864
       Kick              |       |    40 |   102 |    26 ||   168
Throw: Throwing net      |     5 |     4 |       |       ||     9
       Javelin           |       |       |    31 |     3 ||    34
Invok: Heroism           |       |       |     1 |     2 ||     3
 Abil: Evoke Berserk Rag |       |       |     1 |     1 ||     2
Evoke: Wand              |       |       |     4 |       ||     4
  Use: Scroll            |       |     9 |     6 |     2 ||    17
       Potion            |       |     1 |    12 |     5 ||    18
 Stab: Held in net/web   |       |     3 |       |       ||     3
  Eat: Chunk             |     1 |     7 |    12 |     4 ||    24
       Royal jelly       |       |       |     1 |       ||     1
Armor: Leather armour    |     3 |       |       |       ||     3
       Ring mail         |    14 |       |       |       ||    14
       Scale mail        |    25 |    53 |   131 |    21 ||   230
       Skin              |       |       |    34 |    49 ||    83
Dodge: Dodged            |    37 |    63 |   181 |    24 ||   305
